 Dungeon Crawl Stone Soup version 0.24.0-13-gcf9b3192b9 (webtiles) character file.

Game seed: 1480772178905004759, levelgen mode: deterministic

3462 PentaManta the Nimble (level 9, -5/45 HPs)
             Began as a Spriggan Assassin on Nov 9, 2019.
             Was a Follower of Uskayaw.
             Slain by an orc warrior
             ... wielding a +0 war axe
              (16 damage)
             ... on level 7 of the Dungeon.
             The game lasted 00:42:59 (12547 turns).

PentaManta the Nimble (Spriggan Assassin)          Turns: 12547, Time: 00:43:00

Health: -5/45      AC:  4    Str:  7    XL:     9   Next: 78%
Magic:  10/10      EV: 33    Int: 13    God:    Uskayaw [*.....]
Gold:   370        SH:  0    Dex: 24    Spells: 8/8 levels left

rFire    . . .     SeeInvis +   j - +0 rapier
rCold    . . .     Gourm    .   (shield restricted)
rNeg     . . .     Faith    .   n - +0 animal skin
rPois    .         Spirit   .   (helmet restricted)
rElec    .         Reflect  .   c - +1 cloak
rCorr    .         Harm     .   (gloves unavailable)
MR       ++...                  (boots unavailable)
Stlth    +++++.....             (no amulet)
HPRegen  0.15/turn              p - +4 ring of dexterity
MPRegen  0.12/turn              o - ring of protection from magic

@: very quick
A: very small, unfitting armour, see invisible, herbivore, speed 3, slow
metabolism 2
a: Stomp, Renounce Religion


You were on level 7 of the Dungeon.
You worshipped Uskayaw.
Uskayaw was noncommittal.
You were very hungry.

You visited 2 branches of the dungeon, and saw 10 of its levels.

You collected 419 gold pieces.
You spent 49 gold pieces at shops.

Inventory:

Hand Weapons
 j - a +0 rapier (weapon)
 s - a +4 dagger
 E - a cursed +4 short sword
 F - a +3 dagger of freezing
Missiles
 d - 21 poisoned darts (quivered)
 e - 2 curare-tipped darts
 v - a throwing net
Armour
 a - the +2 buckler of the Sparrow {rElec}
   (You found it on level 8 of the Dungeon)

   It insulates you from electricity.
 c - a +1 cloak (worn)
 n - a +0 animal skin (worn)
Jewellery
 o - a ring of protection from magic (right hand)
 p - a +4 ring of dexterity (left hand)
Wands
 i - a wand of enslavement (7)
 l - a wand of paralysis (6)
 m - a wand of acid (8)
 w - a wand of disintegration (2)
Scrolls
 t - a scroll of magic mapping
 u - 2 scrolls of amnesia
 y - a scroll of fear
 B - 2 scrolls of identify
Potions
 b - a potion of flight
 g - 3 potions of haste
 h - 4 potions of curing
 k - 2 potions of resistance
 q - 2 potions of heal wounds
 r - 2 potions of agility
 x - a potion of invisibility
 z - a potion of brilliance
 A - a potion of magic
Comestibles
 f - 14 rations


   Skills:
 * Level 3.6 Fighting
 * Level 8.0 Short Blades
 - Level 2.0 Throwing
 + Level 13.5 Dodging
 - Level 10.5 Stealth


You had 8 spell levels left.
You didn't know any spells.
Your spell library was empty.

Dungeon Overview and Level Annotations

Branches:
Dungeon (9/15)             Temple (1/1) D:6
   Lair: D:8-11         Orc: D:9-12

Altars:
Ashenzari
Cheibriados
Dithmenos
Elyvilon
Fedhas
Gozag
Hepliaklqana
Kikubaaqudgha
Makhleb
Nemelex Xobeh
Okawaru
Qazlal
Ru
Sif Muna
Trog
Uskayaw
Vehumet
Wu Jian
Xom
Yredelemnul
Zin
The Shining One
Beogh

Shops:
D:5 *   D:7 [

Annotations:
D:7 3 runed translucent doors, Quickbrownfox's ghost, novice GnSk


Innate Abilities, Weirdness & Mutations

You are very small and have problems with some larger weapons.
You are too small for most types of armour.
You have supernaturally acute eyesight. (SInv)
You are a herbivore.
You cover ground extremely quickly.
You need to consume almost no food.


Message History

You completely miss the orc warrior.
The orc warrior is heavily wounded.
The orc warrior hits you with a +0 war axe!
* * * LOW HITPOINT WARNING * * *
The orc warrior completely misses you.
You hit the orc warrior.
The orc warrior is severely wounded.
The orc warrior completely misses you.
You hit the orc warrior but do no damage.
The orc warrior is severely wounded.
The orc warrior closely misses you.
You closely miss the orc warrior.
The orc warrior is severely wounded.
You hit the orc warrior but do no damage.
The orc warrior is severely wounded.
The orc warrior completely misses you.
You barely miss the orc warrior.
The orc warrior is severely wounded.
The orc warrior hits you with a +0 war axe!
You die...

.######.....##########.##.#
........#......)># #.##.#
.######...[#####)# #.##.#
## ##.#.# #.#####.##.#### #
#.#.#####.##..........# #
#.........##.#........# #
#...#####.............#
##### #...#
#o##.#........#### ....#
#...#####@##.##.#.........
###.#
#.............(.....#.####
#.# #.....######<####...#.#
#.# #.###.# #.# #..##.####
#.# #.# #.# #.# #..##.....
#.# #.# #.# #.# ##...#.###.
#.# #.#
#.######.###.###..###. #.#
#.###....[.......# #......
#.#
#................###.#####


You could see an orc warrior.

Vanquished Creatures
  A hippogriff (D:8)
  Sigmund (D:6)
  Menkaure (D:6)
  Duvessa (D:5)
  2 orc warriors
  An ice beast (D:5)
  A sky beast (D:8)
  5 centaurs
  2 phantoms (D:7)
  2 ogres
  2 bullfrogs
  A scorpion (D:7)
  Dowan (D:5)
  13 wights
  A crimson imp (D:6)
  6 hounds
  6 orc priests
  3 bullfrog skeletons
  3 centaur skeletons
  An iguana (D:7)
  Ijyb (D:5)
  4 orc wizards
  2 worker ants
  A hound skeleton (D:6)
  A howler monkey zombie (D:8)
  Robin (D:3)
  4 gnolls
  A worker ant zombie (D:8)
  7 adders
  2 shadow imps
  An ooze (D:3)
  An adder skeleton (D:7)
  An adder zombie (D:7)
  4 worms (D:2)
  2 dart slugs
  A leopard gecko (D:1)
  38 orcs
  2 giant cockroaches
  15 goblins
  7 hobgoblins
  3 jackals (D:3)
  10 kobolds
  9 quokkas
  8 bats
  7 frilled lizards
  A leopard gecko skeleton (D:4)
  A leopard gecko zombie (D:7)
  A quokka skeleton (D:4)
  8 rats
198 creatures vanquished.

Vanquished Creatures (collateral kills)
  A hound skeleton (D:5)
1 creature vanquished.

Grand Total: 199 creatures vanquished

Notes
Turn   | Place    | Note
-------+----------+-------------------------------------------
     0 | D:1      | PentaManta the Spriggan Assassin began the quest for the
                  | Orb.
     0 | D:1      | Reached XP level 1. HP: 10/10 MP: 2/2
    95 | D:1      | Reached skill level 2 in Dodging
   340 | D:1      | Reached XP level 2. HP: 14/14 MP: 3/3
   494 | D:1      | Reached skill level 3 in Dodging
  1360 | D:2      | Reached XP level 3. HP: 15/18 MP: 4/4
  1951 | D:2      | Found a hide-covered altar of Uskayaw.
  1956 | D:2      | Became a worshipper of Uskayaw the Reveler
  1983 | D:2      | Reached * piety under Uskayaw
  1984 | D:2      | Reached skill level 4 in Dodging
  2089 | D:2      | Reached ** piety under Uskayaw
  2111 | D:2      | Reached *** piety under Uskayaw
  2419 | D:2      | Reached XP level 4. HP: 22/22 MP: 5/5
  3075 | D:3      | Reached skill level 5 in Dodging
  3094 | D:3      | Noticed Robin
  3105 | D:3      | Reached XP level 5. HP: 18/25 MP: 6/6
  3114 | D:3      | Killed Robin
  3492 | D:4      | Noticed an ice beast
  3546 | D:5      | Entered Level 5 of the Dungeon
  4472 | D:3      | Reached skill level 6 in Dodging
  4555 | D:3      | Reached XP level 6. HP: 9/30 MP: 7/7
  5466 | D:4      | Found a glowing golden altar of the Shining One.
  5493 | D:4      | Reached skill level 7 in Dodging
  5737 | D:5      | Noticed Ijyb
  5752 | D:5      | Reached XP level 7. HP: 33/33 MP: 8/8
  5757 | D:5      | Killed Ijyb
  5799 | D:5      | Found Iningeit's General Store.
  5807 | D:5      | Bought a scroll of magic mapping for 49 gold pieces
  5819 | D:5      | Reached skill level 8 in Dodging
  5820 | D:5      | Noticed Duvessa
  5821 | D:5      | Noticed Dowan
  5860 | D:5      | Killed Dowan
  5909 | D:5      | Killed Duvessa
  6399 | D:6      | Reached skill level 5 in Short Blades
  6678 | D:6      | Reached skill level 9 in Dodging
  6695 | D:6      | Found a burning altar of Makhleb.
  6767 | D:6      | Noticed Sigmund
  6778 | D:6      | Killed Sigmund
  6778 | D:6      | Reached XP level 8. HP: 33/37 MP: 9/9
  7091 | D:6      | Noticed Menkaure
  7127 | D:6      | Killed Menkaure
  7127 | D:6      | Reached skill level 10 in Dodging
  7584 | D:6      | Found a staircase to the Ecumenical Temple.
  7590 | Temple   | Entered the Ecumenical Temple
  7714 | D:6      | Reached skill level 10 in Stealth
  8049 | D:7      | Found a shadowy altar of Dithmenos.
  8459 | D:7      | Reached skill level 11 in Dodging
  8821 | D:7      | Found a runed translucent gate.
  8821 | D:7      | Found a runed translucent gate.
  8822 | D:7      | Found a runed translucent gate.
  8822 | D:7      | Found an opulent altar of Gozag.
  8823 | D:7      | Noticed Quickbrownfox's ghost (novice GnSk)
  8824 | D:7      | Noticed a cyclops
  8839 | D:7      | Reached XP level 9. HP: 35/42 MP: 5/10
  9155 | D:7      | Found Axoob's Antique Armour Shoppe.
  9369 | D:7      | Reached skill level 12 in Dodging
  9584 | D:7      | Found a white marble altar of Elyvilon.
 10046 | D:8      | Got a transparent buckler
 10053 | D:8      | Identified the +2 buckler of the Sparrow {rElec} (You found
                  | it on level 8 of the Dungeon)
 10159 | D:8      | HP: 1/43 [orc priest/divine providence (14)]
 10897 | D:8      | Reached skill level 13 in Dodging
 10907 | D:8      | Reached **** piety under Uskayaw
 11528 | D:8      | Found a roughly hewn altar of Beogh.
 12547 | D:7      | Slain by an orc warrior

Levels and vault maps discovered:
D:1:      nagdon_arrival_zigzag_paths, layout_basic
D:2:      minmay_diamond_boxcup, layout_loops_corners, minmay_hexomino_r4
D:3:      layout_basic, uniq_robin
D:4:      layout_cave_pools, tso_metal_star
D:5:      layout_basic, first_ration, serial_shops, shop, uniq_ijyb,
          uniq_duvessa
D:6:      layout_basic, minmay_temple_entry_hall, grunt_ministairs_10,
          bloody_makhleb, uniq_menkaure, uniq_sigmund
D:7:      layout_loops_ring, lemuel_crystal_altar, ebering_ghost_gozag,
          serial_shops, nicolae_shop_crystal, grunt_ogre_cave,
          grunt_dithmenos_shadows
D:8:      layout_basic, special_room [special_room_orc]
D:9:      layout_gridville, orc_0_dummy, uniq_pikel
Temple:   grunt_wide_crystal_templ

Skill      XL: |  1  2  3  4  5  6  7  8  9 |
---------------+----------------------------+-----
Dodging        | 2 3 4 5 6 7 9 11 13 | 13.5
Stealth        | 6 7 8 9 10 | 10.5
Short Blades   | 3 4 5 6 8 |  8.0
Fighting       | 2 3 |  3.6
Throwing       | |  2.0

Action                   |  1- 3 |  4- 6 |  7- 9 || total
-------------------------+-------+-------+-------++-------
Melee: Dagger            |   174 |   247 |   567 ||   988
       Short sword       |       |    21 |    22 ||    43
       Rapier            |       |       |   212 ||   212
Throw: Dart              |       |    35 |    22 ||    57
       Boomerang         |       |       |     1 ||     1
Invok: Line Pass         |       |     1 |     4 ||     5
Evoke: Wand              |       |       |     5 ||     5
  Use: Scroll            |       |    11 |     8 ||    19
       Potion            |       |       |     1 ||     1
 Stab: Sleeping          |    12 |    17 |    17 ||    46
       Distracted        |     2 |       |     2 ||     4
       Paralysed         |     1 |     1 |    12 ||    14
       Confused          |       |     1 |     4 ||     5
  Eat: Ration            |       |     1 |     5 ||     6
Armor: Robe              |    12 |    11 |       ||    23
       Animal skin       |       |     4 |    16 ||    20
Dodge: Dodged            |    94 |   240 |   601 ||   935
